 Dungeon Crawl Stone Soup version 0.30-a0-557-ge2afbf3030 (webtiles) character file.

Game seed: 5532667165016806970

149 bmack86 the Trooper (level 5, -3/47 HPs)
             Began as a Minotaur Fighter on Dec 28, 2022.
             Slain by Grinder (4 damage)
             ... on level 3 of the Dungeon.
             The game lasted 00:05:21 (1879 turns).

bmack86 the Trooper (Minotaur Fighter)              Turns: 1879, Time: 00:05:21

Health: -3/47      AC: 13    Str: 23    XL:     5   Next: 9%
Magic:  4/4        EV:  3    Int:  5    God:
Gold:   177        SH:  4    Dex:  9    Spells: 4/4 levels left

rFire   . . .      SeeInvis .    a - +0 war axe
rCold   . . .      Faith    .    c - +0 buckler
rNeg    . . .      Spirit   .    o - +1 plate armour
rPois   .          Reflect  .    (helmet restricted)
rElec   .          Harm     .    (no cloak)
rCorr   .          Rampage  .    (no gloves)
Will    .....                    (no boots) Stlth
                                 (no amulet)
HPRegen 0.27/turn                (no ring)
MPRegen 0.09/turn                (no ring)

@: constricted
A: horns 2, retaliatory headbutt
a: no special abilities


You were on level 3 of the Dungeon.
You visited 1 branch of the dungeon, and saw 3 of its levels.

You collected 177 gold pieces.

Inventory:

Hand Weapons
 a - a +0 war axe (weapon)
Missiles
 l - 2 silver boomerangs (quivered)
Armour
 b - a +0 scale mail
 c - a +0 buckler (worn)
 o - a +1 plate armour (worn)
Wands
 m - a wand of flame (21)
Scrolls
 g - a scroll of enchant weapon {unknown}
 j - a scroll of fog
 n - a scroll of magic mapping {unknown}
Potions
 d - a potion of might
 e - a potion of berserk rage
 f - a potion of mutation
 h - a potion of heal wounds {unknown}
 i - 2 potions of resistance {unknown}
 k - a potion of curing {unknown}
 p - a potion of brilliance {unknown}


   Skills:
 + Level 4.5 Fighting
 * Level 4.2 Axes
 + Level 1.0 Throwing
 + Level 4.4 Armour
 + Level 4.4 Shields


You had 4 spell levels left.
You didn't know any spells.
Your spell library contained the following spells:

 Spells                   Type           Power      Damage    Failure   Level
 Blink                    Tloc           0%         N/A       100%        2
 Momentum Strike          Conj/Tloc      0%         3d8       100%        2
 Lesser Beckoning         Tloc           0%         N/A       100%        3


Dungeon Overview and Level Annotations

Branches:
Dungeon (3/15)

Altars:

Annotations:
D:3 Grinder


Innate Abilities, Weirdness & Mutations

You have a pair of horns on your head.
You reflexively headbutt those who attack you in melee.


Message History

Grinder blinks!
You can move again.
Found a viscous yellow potion.
Grinder gestures at you. You resist with significant effort.
Grinder gestures at you. You resist with significant effort.
A ball python comes into view.
The ball python hisses angrily.
Grinder says, "Just stop there for a second..."
You hit Grinder.
Grinder is severely wounded.
Grinder blinks!
Grinder says, "FISH!"
Grinder gestures at you. Pain shoots through your body!
* * * LOW HITPOINT WARNING * * *
Grinder gestures at you.
You suddenly lose the ability to move!
The ball python bites you but does no damage.
The ball python grabs you. The ball python constricts you.
The ball python bites you but does no damage.
The ball python constricts you. Grinder hits you but does no damage.
The ball python bites you but does no damage.
The ball python constricts you.
You can move again.
You slash Grinder!
Grinder is almost dead.
You closely miss the ball python.
The ball python bites you but does no damage.
The ball python constricts you. Grinder hits you but does no damage.
The ball python bites you but does no damage.
The ball python constricts you.
You closely miss Grinder.
Grinder is almost dead.
You barely miss the ball python. Grinder hits you!
* * * LOW HITPOINT WARNING * * *
You writhe in agony.
You die...

...#.......##......#
.).#.......#.......##
...#................#
###....####.........#
###.#.## #.........#
#.....## #.........#
.......# #.........#
.......# #.....5...##
.......####.....@....#
...............S.....#
รท))....####..........#
)......# #..........#
##.########....!.....#
............#.........#
.................##..##
...#.##############..#
...#.# #..#


You could see Grinder and a ball python.

Vanquished Creatures
  4 gnolls
  3 adders
  4 dart slugs
  3 orcs (D:3)
  8 ball pythons
  6 endoplasms
  4 giant cockroaches
  6 goblins
  3 hobgoblins (D:3)
  3 jackals (D:1)
  2 quokkas
  8 bats
  2 frilled lizards
  6 kobolds
  8 rats
70 creatures vanquished.

Vanquished Creatures (others)
  2 fungi (D:2)
2 creatures vanquished.

Grand Total: 72 creatures vanquished

Notes
Turn   | Place    | Note
-------+----------+-------------------------------------------
     0 | D:1      | bmack86 the Minotaur Fighter began the quest for the Orb.
     0 | D:1      | Reached XP level 1. HP: 19/19 MP: 0/0
   159 | D:1      | Reached XP level 2. HP: 26/27 MP: 1/1
   250 | D:1      | Reached XP level 3. HP: 33/33 MP: 2/2
   740 | D:2      | Found a faded altar of an unknown god.
  1198 | D:2      | Reached XP level 4. HP: 39/40 MP: 3/3
  1570 | D:3      | Reached XP level 5. HP: 17/47 MP: 4/4
  1737 | D:3      | Reached skill level 1 in Throwing
  1840 | D:3      | Noticed Grinder
  1855 | D:3      | Paralysed by Grinder for 3 turns
  1865 | D:3      | Paralysed by Grinder for 4 turns
  1875 | D:3      | Paralysed by Grinder for 3 turns
  1879 | D:3      | HP: 1/47 [Grinder (7)]
  1879 | D:3      | Slain by Grinder

Illustrated notes

Levels and vault maps discovered:
D:1:      lightli_arrival_boilingwater, layout_basic,
          chequers_serial_rivers_small_3
D:2:      minmay_diamond_boxcup, layout_basic, shapermc_ecumenical_altar_gd
D:3:      layout_rooms, grunt_ministairs_3, corexii_leaking_fountain,
          uniq_grinder

Skill      XL: |  1  2  3  4  5 |
---------------+----------------+-----
Axes           | 3 4 |  4.2
Armour         | 4 |  4.4
Fighting       | 4 |  4.5
Shields        | 4 |  4.4
Throwing       | 1 |  1.0

Action                   |  1- 3 |  4- 6 || total
-------------------------+-------+-------++-------
Melee: War axe           |    84 |    80 ||   164
       Headbutt          |     7 |    12 ||    19
Throw: Boomerang         |     3 |       ||     3
  Use: Scroll            |     2 |     3 ||     5
Armor: Scale mail        |    60 |       ||    60
       Plate armour      |     3 |    55 ||    58
Dodge: Dodged            |    52 |    28 ||    80
Block: Buckler           |    21 |    23 ||    44

Table legend: (Time is in decaauts)
 A = Elapsed time spent in this place.
 B = Non-inter-level travel time spent in this place.
 C = Inter-level travel time spent in this place.
 D = Time resting spent in this place.
 E = Time spent auto-exploring this place.
 F = Levels seen in this place.
 G = Mean time per level.
                   A        B        C        D        E       F      G
               +--------+--------+--------+--------+--------+-----+--------+
         Total |   1947 |   1927 |     20 |      0 |   1242 |   3 |  649.0 |
       Dungeon |   1947 |   1927 |     20 |      0 |   1242 |   3 |  649.0 |
               +--------+--------+--------+--------+--------+-----+--------+

Top non-repeatable levels by time:
     D:2: 815 daAuts
     D:1: 668 daAuts
     D:3: 463 daAuts
